 Dungeon Crawl Stone Soup version 0.19.0-11-g3fc08b3 (webtiles) character file.

4909 Gravenous the Basher (level 10, -3/106 HPs)
             Began as an Ogre Arcane Marksman on Nov 9, 2016.
             Slain by a killer bee (4 damage)
             ... on level 9 of the Dungeon.
             The game lasted 00:20:36 (13066 turns).

Gravenous the Basher (Ogre Arcane Marksman)        Turns: 13066, Time: 00:20:37

Health: -3/106     AC:  4    Str: 21    XL:     10   Next: 51%
Magic:  11/11      EV: 16    Int: 12    God:
Gold:   499        SH:  0    Dex:  9    Spells: 0 memorised, 11 levels left

rFire  . . .     SeeInvis +     v - +1 morningstar (freeze)
rCold  . . .     Gourm    .     a - +1 robe
rNeg   . . .     Faith    +     (no shield)
rPois  .         Spirit   .     (helmet restricted)
rElec  +         Reflect  .     (no cloak)
rCorr  .         Harm     .     (gloves unavailable)
MR     +....     Clarity  +     (boots unavailable)
Stlth  +.........               r - amulet of faith
                                i - ring of see invisible
                                y - +4 ring of evasion (curse)

@: lethally poisoned (-3 -> -3)
A: unfitting armour, clarity, electricity resistance, tough skin 1
a: no special abilities


You were on level 9 of the Dungeon.
You were not hungry.

You visited 2 branches of the dungeon, and saw 10 of its levels.

You collected 499 gold pieces.

Inventory:

Hand Weapons
 l - a +0 giant club of electrocution
 v - a +1 morningstar of freezing (weapon)
Missiles
 s - a throwing net (quivered)
Armour
 a - a +1 robe (worn)
Jewellery
 i - a ring of see invisible (right hand)
 k - a cursed ring of loudness {unknown}
 r - an amulet of faith (around neck)
 u - an uncursed ring of flight
 y - a cursed +4 ring of evasion (left hand)
 B - a +2 ring of intelligence
Wands
 d - a wand of lightning (0/15)
 o - a wand of lightning (0/15)
 C - a wand of flame (0/48)
 F - a wand of flame (20/48)
Scrolls
 c - 2 scrolls of recharging
 e - 4 scrolls of identify
 j - 3 scrolls of enchant armour
 q - a scroll of fog
 w - 3 scrolls of remove curse
 H - a scroll of fear
Potions
 m - 2 potions of flight
 x - a potion of brilliance
 z - a potion of degeneration
Books
 b - a book of Debilitation

   Spells                             Type                      Level
   a - Corona                         Hexes                        1
   b - Slow                           Hexes                        2
   c - Gell's Gravitas                Hexes/Translocation          3
   d - Inner Flame                    Hexes/Fire                   3
   e - Cause Fear                     Hexes                        4
   f - Leda's Liquefaction            Hexes/Earth                  4
Comestibles
 f - 3 bread rations
 g - a slice of pizza
 h - 2 meat rations
 n - 7 beef jerkies
 p - 7 fruits


   Skills:
 + Level 8.8 Fighting
 * Level 12.1 Maces & Flails
 + Level 7.0 Throwing
 + Level 6.5 Dodging
 - Level 1.2 Spellcasting
   Level 2.1 Hexes


You had 11 spell levels left.
You didn't know any spells.

Dungeon Overview and Level Annotations

Branches:
Dungeon (9/15)             Temple (1/1) D:4
   Lair: D:8-11         Orc: D:9-12

Altars:
Elyvilon
Fedhas
Gozag
Hepliaklqana
Kikubaaqudgha
Nemelex Xobeh
Okawaru
Sif Muna
Uskayaw
Vehumet
Yredelemnul
Zin
The Shining One
Jiyva

Shops:
D:5 (

Annotations:
D:4 Frank's ghost, novice FoFi


Innate Abilities, Weirdness & Mutations

You are too large for most types of armour.
You have tough skin. (AC +1)
You possess an exceptional clarity of mind.
You are resistant to electric shocks. (rElec)


Message History

The orc throws a stone.
The stone barely misses you. The warg completely misses you.
You barely miss the warg.
The warg is moderately wounded.
The warg stops to sniff the ground.
The warg bites you but does no damage.
The orc throws a stone.
The stone hits you.
* * * LOW HITPOINT WARNING * * *
You puncture the warg! You freeze the warg.
The warg is severely wounded.
The warg bites you!
* * * LOW HITPOINT WARNING * * *
You puncture the warg! You freeze the warg.
You kill the warg!
You feel sick.
The orc throws a stone.
The stone closely misses you. The killer bee closely misses you.
You barely miss the killer bee. The killer bee stings you!
* * * LOW HITPOINT WARNING * * *
The orc throws a stone.
The stone misses you. The killer bee stings you.
You die...

..##.o..
......##..........
.###oo.
.......##.........
.###o.
.....#.#.........
##.#o#
.................
##..o#
####.o..........
##.)######
##os.......##
##......##
#h###....##
##.......# #y#
.......
##.....>.## ##@#
####### #..###.###
##..# ..## ##
##..## .## ##..##
## ### ###..## #
###.####...##
##....#......##
#..##...o....<.#
#.##............#


You could see a warg, a scorpion, a killer bee, an orc priest (invisible) and 2
orcs.

Vanquished Creatures
  A hill giant (D:9)
  Prince Ribbit (D:8)
  A hippogriff (D:9)
  A wyvern (D:7)
  A warg (D:9)
  Duvessa (D:5)
  A black bear (D:9)
  7 sky beasts
  An ice beast (D:8)
  3 ogres
  A phantom (D:5)
  A necrophage (D:6)
  A centaur (D:5)
  2 orc warriors
  Blork the orc (D:5)
  4 bullfrogs
  Dowan (D:5)
  2 scorpions
  9 killer bees
  2 crimson imps
  A quasit (D:6)
  6 orc priests
  5 hounds
  2 centaur skeletons
  2 jellies
  3 iguanas
  Terence (D:2)
  6 worker ants
  11 orc wizards
  A killer bee zombie (D:9)
  Robin (D:3)
  A worker ant zombie (D:6)
  9 adders
  3 shadow imps
  2 adder zombies (D:9)
  An adder skeleton (D:8)
  A worm (D:2)
  4 dart slugs (D:1)
  8 leopard geckos
  34 orcs
  2 ball pythons (D:2)
  3 giant cockroaches
  12 goblins
  5 hobgoblins
  4 jackals
  2 kobolds (D:1)
  11 quokkas
  6 bats
  5 frilled lizards
  3 leopard gecko skeletons
  10 rats
207 creatures vanquished.

Notes
Turn   | Place    | Note
-------+----------+-------------------------------------------
     0 | D:1      | Gravenous the Ogre Arcane Marksman began the quest for the Orb.
     0 | D:1      | Reached XP level 1. HP: 19/19 MP: 2/2
   294 | D:1      | Reached XP level 2. HP: 23/28 MP: 3/3
   546 | D:1      | Reached XP level 3. HP: 23/35 MP: 4/4
   759 | D:1      | Reached skill level 1 in Maces & Flails
  1236 | D:2      | Found an opulent altar of Gozag.
  1321 | D:2      | Noticed Terence
  1323 | D:2      | Killed Terence
  1323 | D:2      | Reached skill level 2 in Maces & Flails
  1323 | D:2      | Reached XP level 4. HP: 40/44 MP: 3/5
  2018 | D:3      | Found a white marble altar of Elyvilon.
  2041 | D:3      | Found a faded altar of an unknown god.
  2213 | D:3      | Noticed Robin
  2241 | D:3      | Killed Robin
  2241 | D:3      | Reached XP level 5. HP: 35/52 MP: 6/6
  2255 | D:3      | Reached skill level 3 in Maces & Flails
  2901 | D:4      | Found a deep blue altar of Sif Muna.
  3036 | D:4      | Noticed Frank's ghost (novice FoFi)
  3096 | D:5      | Entered Level 5 of the Dungeon
  3344 | D:5      | Noticed a centaur
  3357 | D:5      | Killed a centaur
  3357 | D:5      | Reached skill level 4 in Maces & Flails
  3357 | D:5      | Reached XP level 6. HP: 20/61 MP: 7/7
  3587 | D:5      | Noticed Dowan
  3724 | D:5      | Noticed Blork the orc
  3730 | D:5      | Killed Blork the orc
  3848 | D:5      | Reached skill level 5 in Maces & Flails
  3863 | D:5      | Found Osagok's Antique Weapon Shop.
  3943 | D:5      | Reached XP level 7. HP: 41/70 MP: 8/8
  4664 | D:5      | Reached skill level 6 in Maces & Flails
  4863 | D:5      | Noticed Duvessa
  5599 | D:5      | Reached skill level 5 in Fighting
  5730 | D:5      | Killed Duvessa
  5730 | D:5      | Reached XP level 8. HP: 42/80 MP: 9/9
  5742 | D:5      | Reached skill level 7 in Maces & Flails
  5748 | D:5      | Killed Dowan
  7296 | D:6      | Reached skill level 8 in Maces & Flails
  7470 | D:6      | Reached skill level 5 in Throwing
  7878 | D:7      | Reached skill level 5 in Dodging
  7878 | D:7      | Reached XP level 9. HP: 90/90 MP: 10/10
  7939 | D:7      | Reached skill level 9 in Maces & Flails
  8170 | D:7      | Found an ancient bone altar of Kikubaaqudgha.
  8630 | D:7      | Found a hide-covered altar of Uskayaw.
  9050 | D:7      | Reached skill level 10 in Maces & Flails
  9554 | D:4      | Found a staircase to the Ecumenical Temple.
  9570 | Temple   | Entered the Ecumenical Temple
  9737 | D:4      | Found a hazy altar of Hepliaklqana.
 10081 | D:8      | Gained mutation: You possess an exceptional clarity of mind. [potion of beneficial mutation]
 10082 | D:8      | Gained mutation: You are resistant to electric shocks. (rElec) [potion of beneficial mutation]
 10643 | D:8      | Found a blossoming altar of Fedhas.
 10860 | D:8      | Noticed Prince Ribbit
 11553 | D:8      | Killed Prince Ribbit
 11553 | D:8      | Reached skill level 11 in Maces & Flails
 11553 | D:8      | Reached XP level 10. HP: 90/104 MP: 11/11
 11759 | D:9      | Noticed a hill giant
 11774 | D:9      | Killed a hill giant
 12957 | D:9      | Found a basalt altar of Yredelemnul.
 12989 | D:9      | Found a radiant altar of Vehumet.
 13021 | D:9      | Reached skill level 12 in Maces & Flails
 13066 | D:9      | HP: 1/106 [killer bee (7)]
 13066 | D:9      | Slain by a killer bee

Skill      XL: |  1  2  3  4  5  6  7  8  9 10 |
---------------+-------------------------------+-----
Dodging        | 2 3 4 5 6 |  6.5
Fighting       | 2 3 4 5 6 8 |  8.8
Maces & Flails | 2 4 5 6 8 11 12 | 12.1
Throwing       | 3 4 5 6 7 |  7.0
Spellcasting   | |  1.2
Hexes          | |  2.1

Action                   |  1- 3 |  4- 6 |  7- 9 | 10-12 || total
-------------------------+-------+-------+-------+-------++-------
Melee: Short sword       |   121 |       |       |       ||   121
       Flail             |       |   159 |   127 |       ||   286
       Morningstar       |       |       |   374 |   135 ||   509
Throw: Large rock        |     2 |    17 |    21 |       ||    40
       Throwing net      |       |     3 |     3 |       ||     6
 Cast: Corona            |     2 |     5 |       |       ||     7
Evoke: Wand              |       |       |    15 |     2 ||    17
  Use: Scroll            |       |     9 |    15 |     2 ||    26
       Potion            |       |       |     7 |     3 ||    10
 Stab: Sleeping          |       |     1 |     1 |       ||     2
       Held in net/web   |       |     1 |       |       ||     1
  Eat: Chunk             |     2 |     8 |    12 |     3 ||    25
       Bread ration      |       |       |     2 |     1 ||     3
       Pizza             |       |       |     2 |       ||     2
Armor: Robe              |    53 |    47 |   104 |    21 ||   225
Dodge: Dodged            |    78 |   113 |   380 |   145 ||   716
